 Dungeon Crawl Stone Soup version 0.18.1-48-g4cf74bf (webtiles) character file.

94 PossumBlood the Magician (level 4, 0/24 HPs)
             Began as a Deep Elf Wizard on Aug 17, 2016.
             Slain by an orc
             ... wielding a +0 mace
              (6 damage)
             ... on level 3 of the Dungeon.
             The game lasted 00:07:37 (3017 turns).

PossumBlood the Magician (Deep Elf Wizard)          Turns: 3017, Time: 00:07:38

Health: 0/24       AC:  5    Str:  4    XL:     4   Next: 38%
Magic:  0/13       EV: 12    Int: 24    God:
Gold:   89         SH:  0    Dex: 13    Spells: 1 memorised, 12 levels left

rFire  . . .     SeeInvis .     (no weapon)
rCold  . . .     Gourm    .     a - +0 robe
rNeg   . . .     Faith    .     (no shield)
rPois  .         Spirit   .     b - +0 hat
rElec  .         Dismiss  .     m - +0 cloak
rCorr  .         Reflect  .     (no gloves)
SustAt .         Harm     .     f - +1 pair of boots
MR     .....                    (no amulet)
Stlth  ++........               (no ring)
                                i - ring of flight

@: not resistant to hostile enchantments, unstealthy
A: no striking features
a: Evoke Flight


You were on level 3 of the Dungeon.
You were not hungry.

You visited 1 branch of the dungeon, and saw 3 of its levels.

You collected 89 gold pieces.

Inventory:

Missiles
 h - 3 tomahawks of returning (quivered)
Armour
 a - a +0 robe (worn)
 b - a +0 hat (worn)
 f - a +1 pair of boots (worn)
 m - a +0 cloak (worn)
Jewellery
 i - a ring of flight (left hand)
 w - an uncursed ring of poison resistance {unknown}
Scrolls
 d - a scroll of fog {unknown}
 g - 2 scrolls of fear
 j - 5 scrolls of enchant weapon
 k - 5 scrolls of identify
 o - a scroll of blinking {unknown}
 p - 2 scrolls of magic mapping
 r - a scroll of enchant armour {unknown}
 s - a scroll of teleportation {unknown}
 t - a scroll of recharging {unknown}
 v - 2 scrolls of remove curse
Potions
 e - a potion of ambrosia {unknown}
 l - 2 potions of brilliance {unknown}
 q - a potion of agility {unknown}
 u - 2 potions of heal wounds {unknown}
 x - a potion of invisibility {unknown}
Books
 c - a book of Minor Magic

   Spells                             Type                      Level
   a - Magic Dart                     Conjuration                  1
   b - Blink                          Translocation                2
   c - Call Imp                       Summoning                    2
   d - Repel Missiles                 Charms/Air                   2
   e - Slow                           Hexes                        2
   f - Conjure Flame                  Conjuration/Fire             3
   g - Mephitic Cloud                 Conjuration/Poison/Air       3
Comestibles
 n - a meat ration


   Skills:
 - Level 2.4 Dodging
 - Level 2.4 Stealth
 + Level 5.4 Spellcasting
 * Level 3.9 Conjurations
   Level 1.1 Summonings
   Level 1.1 Translocations


You had 12 spell levels left.
You knew the following spells:

 Your Spells              Type           Power        Failure   Level  Hunger
a - Magic Dart            Conj           ####         1%          1    None


Dungeon Overview and Level Annotations

Branches:
Dungeon (3/15)

Altars:
Zin


Message History

The orc hits you with a mace.
* * * LOW HITPOINT WARNING * * *
You hit the orc but do no damage. The orc barely misses you.
You barely miss the orc. The orc hits you with a mace.
* * * LOW HITPOINT WARNING * * *
The orc barely misses you.
You hit the orc.
The orc is lightly wounded.
The orc misses you. The orc hits you but does no damage.
Casting: Magic Dart
Confirm with . or Enter, or press ? or * to list all spells.
Aiming: Magic Dart
Press: ? - help, Shift-Dir - straight line, f/p - orc
Aim: an orc, wielding a hand axe and wearing a ring mail The magic dart hits the orc.
The orc hits you but does no damage.
Drink which item? (? for menu, Esc to quit)
Okay, then.
The orc barely misses you. The orc hits you with a mace.
You die...

.... ###
################.... ....
#.........##...(....
....###.........##........
................##........
......†..........'........
#..[...#.########....###
.#.>..).o........'........
......)(#@###....#....####
.....####+###..†.#....#
#### ...........#....#
#.........###### ..#..
+...<.....#
..#..##.........#
....##.........# ..
#..##.........# ....
#.............#


You could see an orc.

Vanquished Creatures
  2 adders
  An ooze (D:2)
  4 worms
  3 dart slugs
  2 giant geckos
  3 orcs (D:3)
  4 giant cockroaches
  6 hobgoblins
  6 jackals (D:3)
  A ball python (D:1)
  4 bats
  4 giant newts
  2 goblins
  4 kobolds
  5 rats (D:2)
51 creatures vanquished.

Notes
Turn   | Place    | Note
--------------------------------------------------------------
     0 | D:1      | PossumBlood the Deep Elf Wizard began the quest for the Orb.
     0 | D:1      | Reached XP level 1. HP: 10/10 MP: 7/7
   627 | D:1      | Reached XP level 2. HP: 15/15 MP: 3/9
   723 | D:1      | You fall through a shaft!
  1245 | D:2      | Found a glowing silver altar of Zin.
  1824 | D:2      | Reached skill level 5 in Spellcasting
  2008 | D:2      | Reached XP level 3. HP: 19/19 MP: 8/11
  2760 | D:3      | Reached XP level 4. HP: 24/24 MP: 4/13
  3017 | D:3      | Slain by an orc

Skill      XL: |  1  2  3 |
---------------+----------+-----
Conjurations   | 2 3 |  3.9
Spellcasting   | 5 |  5.4
Dodging        | |  2.4
Stealth        | |  2.4
Summonings     | |  1.1
Translocations | |  1.1

Action                   |  1- 3 |  4- 6 || total
-------------------------+-------+-------++-------
Melee: Unarmed           |     5 |     6 ||    11
 Cast: Magic Dart        |   116 |    30 ||   146
  Use: Scroll            |     4 |       ||     4
  Eat: Bread ration      |     2 |       ||     2
Armor: Robe              |    14 |     6 ||    20
Dodge: Dodged            |    22 |     8 ||    30
